 Dungeon Crawl Stone Soup version 0.28.0-43-g3370ac3207 (webtiles) character file.

Game seed: 103758504299949243

70 pkoi the Gusty (level 4, -4/23 (27) HPs)
             Began as an Octopode Air Elementalist on Mar 17, 2022.
             Was an Initiate of Sif Muna.
             Killed from afar by an orc wizard (9 damage)
             ... with a magic dart
             ... on level 2 of the Dungeon.
             The game lasted 00:03:23 (3850 turns).

pkoi the Gusty (Octopode Air Elementalist)          Turns: 3850, Time: 00:03:24

HP:   -4/23 (27)    AC:  1    Str:  7    XL:     4   Next: 22%
MP:   3/7           EV: 13    Int: 19    God:    Sif Muna [......]
Gold: 74            SH:  0    Dex: 18    Spells: 3/7 levels left

rFire   . . .      SeeInvis .   c - +0 short sword
rCold   . . .      Faith    .   (no shield)
rNeg    . . .      Spirit   .   (helmet restricted)
rPois   .          Reflect  .   (no amulet)
rElec   .          Harm     .   b - +6 ring of dexterity
rCorr   .          Rampage  .   (no ring)
Will    .....                   (no ring)
Stlth   +++.......              (no ring)
HPRegen 0.07/turn               (no ring)
MPRegen 0.10/turn               (no ring)
                                (no ring)
                                (no ring)

@: heavily drained
A: almost no armour, amphibious, 8 rings, camouflage 1, gelatinous body 1,
(nimble swimmer 1), tentacles
a: Renounce Religion


You were on level 2 of the Dungeon.
You worshipped Sif Muna.
Sif Muna was noncommittal.
You visited 1 branch of the dungeon, and saw 3 of its levels.

You collected 74 gold pieces.

Inventory:

Hand Weapons
 c - a +0 short sword (weapon)
Missiles
 a - 3 javelins
Jewellery
 b - a +6 ring of dexterity (left tentacle)
Wands
 f - a wand of acid (13)
Scrolls
 g - a scroll of identify
Potions
 d - a potion of flight
 e - a potion of haste {unknown}


   Skills:
 - Level 2.0 Dodging
 - Level 2.6 Stealth
 + Level 2.0 Spellcasting
 - Level 1.0 Conjurations
 * Level 4.9 Air Magic


You had 3 spell levels left.
You knew the following spells:

 Your Spells              Type           Power      Damage    Failure   Level
a - Shock                 Conj/Air       52%        1d6       4%          1
b - Swiftness             Air            20%        N/A       7%          3

Your spell library contained the following spells:

 Spells                   Type           Power      Damage    Failure   Level
 Static Discharge         Conj/Air       13%        N/A       8%          2
 Freeze                   Ice            4%         1d3       17%         1
 Ensorcelled Hibernation  Hex/Ice        2%         N/A       26%         2
 Passwall                 Tmut/Erth      0%         N/A       26%         2
 Frozen Ramparts          Ice            2%         1d2       45%         3
 Airstrike                Air            10%        N/A       22%         4
 Hailstorm                Conj/Ice       3%         3d3       80%         4


Dungeon Overview and Level Annotations

Branches:
Dungeon (3/15)

Altars:
Sif Muna

Shops:
D:1 *

Annotations:
D:3 Sigmund


Innate Abilities, Weirdness & Mutations

You cannot wear most types of armour.
You are amphibious.
You can wear up to eight rings at the same time.
Your skin changes colour to match your surroundings (Stealth+).
Your rubbery body absorbs attacks. (AC +1, EV +1)
((You are camouflaged when in or above water. (Stealth+)))
You have tentacles for arms and can constrict up to eight enemies at once.


Message History

You hear some strange, mumbled words.
Deactivating autopickup; reactivate with Ctrl-A.
You are confused.
You bump into the rock wall.
You barely miss something. Your squeeze misses something. Something hits you.
* * * LOW HITPOINT WARNING * * *
You feel drained.
* * * LOW HITPOINT WARNING * * *
You hit something. Your squeeze misses something.
Something hits you but does no damage.
You feel drained.
You bump into the rock wall.
You feel less confused. Something hits you.
* * * LOW HITPOINT WARNING * * *
You feel drained.
Aiming: Shock (safe; 4% risk of failure)
Press: ? - help, Q - select action, (/) - cycle Shift-Dir - straight line Something barely misses you.
Unknown command.
Unknown command.
Aiming: Shock (safe; 4% risk of failure)
Press: ? - help, Q - select action, (/) - cycle Shift-Dir - straight line Something hits you.
* * * LOW HITPOINT WARNING * * *
You feel drained.
Unknown command.
Aiming: Shock (safe; 4% risk of failure)
Press: ? - help, Q - select action, (/) - cycle Shift-Dir - straight line The zap hits something.
You hear some strange, mumbled words.
A magic dart appears from out of thin air!
The magic dart hits you.
* * * LOW HITPOINT WARNING * * *
Aiming: Shock (safe; 4% risk of failure)
Press: ? - help, Q - select action, (/) - cycle Shift-Dir - straight line The zap hits something.
You hear some strange, mumbled words.
A magic dart appears from out of thin air!
The magic dart hits you!
You die...

#...#.........
#####...##..#....#
#......(.......#..
##.###..........#.(
#...........#...#..
##.#####....#<..#.#
#.# #...##...#.#
#.# #...>......#
##@#####.######.#.#
#..{............#.#
########.##########
#............#
#.#.########.#
#.#.......#...
#.#######.#..#
#.#######.#..#
#.#.....#.#..#


There were no monsters in sight!

Vanquished Creatures
  An adder (D:2)
  A worm (D:2)
  2 dart slugs
  2 orcs (D:3)
  10 ball pythons
  7 bats
  5 endoplasms
  2 giant cockroaches
  A hobgoblin (D:2)
  4 jackals (D:1)
  5 quokkas
  2 frilled lizards
  2 kobolds
  7 rats
51 creatures vanquished.

Notes
Turn   | Place    | Note
-------+----------+-------------------------------------------
     0 | D:1      | pkoi the Octopode Air Elementalist began the quest for the
                  | Orb.
     0 | D:1      | Reached XP level 1. HP: 11/11 MP: 3/3
   354 | D:1      | Reached XP level 2. HP: 17/17 MP: 1/5
   878 | D:1      | Found Caunnuib's Assorted Antiques.
  1316 | D:1      | Reached skill level 4 in Air Magic
  1321 | D:1      | Reached XP level 3. HP: 18/21 MP: 0/6
  2786 | D:2      | Found a shimmering blue altar of Sif Muna.
  2796 | D:2      | Became a worshipper of Sif Muna the Loreminder
  2949 | D:2      | Reached XP level 4. HP: 21/27 MP: 4/7
  3141 | D:3      | Learned a level 3 spell: Swiftness
  3543 | D:3      | Noticed Sigmund
  3850 | D:2      | Killed from afar by an orc wizard

Illustrated notes

Levels and vault maps discovered:
D:1:      dpeg_arrival_leaves_temple_mockup, layout_loops_cross, serial_shops,
          shop_fountains, kennysheep_doodads
D:2:      layout_basic, basic_altar
D:3:      layout_basic, dreamdust_ecumenical_altar_angels_and_demons,
          uniq_crazy_yiuf_cottage, uniq_sigmund

Skill      XL: |  1  2 |
---------------+-------+-----
Air Magic      | 4 |  4.9
Dodging        | |  2.0
Stealth        | |  2.6
Spellcasting   | |  2.0
Conjurations   | |  1.0

Action                   |  1- 3 |  4- 6 || total
-------------------------+-------+-------++-------
Melee: Short sword       |    12 |     2 ||    14
       Constrict         |     4 |       ||     4
       Tentacles         |     1 |       ||     1
 Cast: Shock             |    72 |    30 ||   102
  Use: Scroll            |     2 |       ||     2
       Potion            |     3 |       ||     3
Armor: Skin              |       |     1 ||     1
Dodge: Dodged            |    14 |     1 ||    15
